 Dungeon Crawl Stone Soup version 0.26.1-11-gd32895ea62 (webtiles) character file.

Game seed: 7263368073844086898

106 ubername the Digger (level 4, -2/39 HPs)
             Began as a Troll Earth Elementalist on Apr 30, 2021.
             Slain by an orc priest
             ... wielding a +0 falchion
              (8 damage)
             ... on level 3 of the Dungeon.
             The game lasted 00:03:29 (1628 turns).

ubername the Digger (Troll Earth Elementalist)      Turns: 1628, Time: 00:03:29

Health: -2/39      AC:  6    Str: 17    XL:     4   Next: 55%
Magic:  0/5        EV: 10    Int: 11    God:
Gold:   100        SH:  0    Dex: 10    Spells: 5/6 levels left

rFire    . . .     SeeInvis .     - Unarmed
rCold    . . .     Faith    .   (no shield)
rNeg     . . .     Spirit   .   c - +0 robe
rPois    .         Reflect  .   (helmet restricted)
rElec    .         Harm     .   (no cloak)
rCorr    .         Rampage  .   (gloves unavailable)
Will     .....                  (boots unavailable)
Stlth    +.........             (no amulet)
HPRegen  0.53/turn              (no ring)
MPRegen  0.09/turn              (no ring)

@: no status effects
A: large, unfitting armour, claws 3, regeneration 1, shaggy fur 1, tough skin 3
a: no special abilities


You were on level 3 of the Dungeon.
You visited 1 branch of the dungeon, and saw 3 of its levels.

You collected 100 gold pieces.

Inventory:

Hand Weapons
 g - a +0 club
Missiles
 b - 131 stones
 k - 8 boomerangs
 l - 4 poisoned darts
 m - 19 sling bullets
Armour
 c - a +0 robe (worn)
Jewellery
 e - an uncursed ring of protection from fire {unknown}
 j - an uncursed ring of see invisible {unknown}
Scrolls
 f - 7 scrolls of identify {unknown}
 h - 2 scrolls of fog {unknown}
 i - 2 scrolls of remove curse {unknown}
 o - 2 scrolls of magic mapping {unknown}
Potions
 a - 2 potions of heal wounds {unknown}
 d - a potion of attraction {unknown}
 n - a potion of degeneration {unknown}


   Skills:
 + Level 0.1 Fighting
 + Level 2.1 Dodging
 + Level 1.2 Stealth
 + Level 2.2 Unarmed Combat
 + Level 1.5 Spellcasting
 + Level 0.6 Transmutations
 + Level 3.4 Earth Magic


You had 5 spell levels left.
You knew the following spells:

 Your Spells              Type           Power        Failure   Level
a - Sandblast             Erth           16%          8%          1

Your spell library contained the following spells:

 Spells                   Type           Power        Failure   Level
 Passwall                 Tmut/Erth      4%           21%         2
 Stone Arrow              Conj/Erth      8%           41%         3
 Petrify                  Tmut/Erth      5%           78%         4
 Lee's Rapid Deconstruct  Erth           4%           90%         5


Dungeon Overview and Level Annotations

Branches:
Dungeon (3/15)

Altars:
Fedhas


Innate Abilities, Weirdness & Mutations

You are too large for most types of armour.
You have claws for hands.
Your natural rate of healing is unusually fast.
You are covered in fur. (AC +1)
You have extremely tough skin. (AC +3)


Message History

Casting: Sandblast (safe; 8% risk of failure)
Confirm with . or Enter, or press ? or * to list all spells.
You don't have enough magic to cast that spell.
Unknown command.
You barely miss the orc priest.
The orc priest calls down the wrath of Beogh upon you.
Beogh smites you! The orc barely misses you.
You barely miss the orc priest. The iguana bites you!
The orc priest hits you with a +0 falchion.
The orc completely misses you.
A hobgoblin comes into view.
You claw the orc priest!
The orc priest is severely wounded.
The iguana bites you.
The orc priest looks braver for a moment.
The orc hits you with a +0 club. The iguana bites you!
* * * LOW HITPOINT WARNING * * *
The orc priest hits you with a +0 falchion!
You die...

.# .. .# ##
.# #. .# #.
.#
#.####l###.#
#.....o@...#
######o#####
#. #. .. g.
... ...


You could see an iguana, an orc priest, an orc and a hobgoblin.

Vanquished Creatures
  A gnoll (D:1)
  An adder (D:2)
  An ooze (D:1)
  A worm (D:3)
  3 dart slugs
  3 leopard geckos
  An orc (D:3)
  A giant cockroach (D:2)
  6 goblins
  6 hobgoblins
  12 jackals
  6 bats
  14 frilled lizards
  6 kobolds
  8 rats
70 creatures vanquished.

Vanquished Creatures (others)
  6 plants (D:2)
6 creatures vanquished.

Grand Total: 76 creatures vanquished

Notes
Turn   | Place    | Note
-------+----------+-------------------------------------------
     0 | D:1      | ubername the Troll Earth Elementalist began the quest for
                  | the Orb.
     0 | D:1      | Reached XP level 1. HP: 16/16 MP: 1/1
   118 | D:1      | Reached skill level 3 in Earth Magic
   220 | D:1      | Reached XP level 2. HP: 9/24 MP: 3/3
   420 | D:1      | Reached XP level 3. HP: 31/31 MP: 4/4
   517 | D:1      | Reached skill level 1 in Unarmed Combat
   875 | D:2      | Reached XP level 4. HP: 35/39 MP: 5/5
  1025 | D:2      | Found a blossoming altar of Fedhas.
  1628 | D:3      | Slain by an orc priest

Illustrated notes

Levels and vault maps discovered:
D:1:      dpeg_arrival_snail, layout_rooms, chequers_serial_rivers_room_b
D:2:      layout_loops_ring, lemuel_coloured_pillars_altar, minmay_lizard_king
D:3:      layout_loops_ring, led_sif_pool, wad_floor_pattern_untrapped,
          uniq_natasha

Skill      XL: |  1  2  3  4 |
---------------+-------------+-----
Earth Magic    | 3 |  3.4
Unarmed Combat | 1 2 |  2.2
Dodging        | 2 |  2.1
Fighting       | |  0.1
Stealth        | |  1.2
Spellcasting   | |  1.5
Transmutations | |  0.6

Action                   |  1- 3 |  4- 6 || total
-------------------------+-------+-------++-------
Melee: Unarmed           |   130 |    72 ||   202
       Punch             |       |     1 ||     1
 Cast: Sandblast         |       |     6 ||     6
 Stab: Sleeping          |     1 |       ||     1
Armor: Robe              |    48 |    22 ||    70
Dodge: Dodged            |    86 |    31 ||   117
